 Dungeon Crawl Stone Soup version 0.29-a0-483-g69413ace17 (webtiles) character file.

Game seed: 14023924564699568602

669 jlumianski the Skirmisher (level 7, 0/55 HPs)
             Began as a Demonspawn Fighter on May 25, 2022.
             Was an Initiate of Okawaru.
             Slain by Prince Ribbit (13 damage)
             ... on level 5 of the Dungeon.
             The game lasted 00:18:46 (4776 turns).

jlumianski the Skirmisher (Demonspawn Fighter)      Turns: 4776, Time: 00:18:47

Health: 0/55       AC:  9    Str: 18    XL:     7   Next: 32%
Magic:  7/7        EV:  8    Int: 10    God:    Okawaru [......]
Gold:   270        SH: 12    Dex: 12    Spells: 6/6 levels left

rFire   . . .      SeeInvis +   a - +0 war axe
rCold   . . .      Faith    .   s - +0 kite shield
rNeg    . . .      Spirit   .   b - +0 scale mail
rPois   .          Reflect  .   (helmet restricted)
rElec   .          Harm     .   (no cloak)
rCorr   .          Rampage  .   g - +1 pair of gloves
Will    .....                   (no boots)
Stlth   ..........              (no amulet)
HPRegen 0.18/turn               t - ring of see invisible
MPRegen 0.10/turn               q - ring of flight

@: flying
A: antennae 1, powered by pain 2, condensation shield
a: Renounce Religion


You were on level 5 of the Dungeon.
You worshipped Okawaru.
Okawaru was noncommittal.
You visited 1 branch of the dungeon, and saw 5 of its levels.

You collected 270 gold pieces.

Inventory:

Hand Weapons
 a - a +0 war axe (weapon)
Missiles
 h - 144 stones (quivered)
 i - 4 boomerangs
Armour
 b - a +0 scale mail (worn)
 c - a +0 buckler
 g - a +1 pair of gloves (worn)
 s - a +0 kite shield (worn)
Jewellery
 q - a ring of flight (right hand)
 t - a ring of see invisible (left hand)
Wands
 v - a wand of charming (7)
Scrolls
 e - 4 scrolls of teleportation {unknown}
 f - a scroll of vulnerability
 k - 2 scrolls of identify {unknown}
 n - a scroll of magic mapping
 o - a scroll of brand weapon {unknown}
Potions
 d - 2 potions of might
 j - a potion of haste {unknown}
 l - a potion of magic {unknown}
 m - a potion of attraction {unknown}
 p - 4 potions of curing
 r - a potion of brilliance {unknown}
 u - a potion of heal wounds {unknown}


   Skills:
 + Level 4.6 Fighting
 + Level 4.5 Axes
 + Level 4.5 Armour
 + Level 1.1 Dodging
 + Level 0.1 Stealth
 + Level 4.0 Shields


You had 6 spell levels left.
You didn't know any spells.
Your spell library contained the following spells:

 Spells                   Type           Power      Damage    Failure   Level
 Shock                    Conj/Air       0%         1d3       98%         1
 Dazzling Flash           Conj/Hex       0%         N/A       100%        3
 Frozen Ramparts          Ice            0%         1d2       100%        3
 Swiftness                Air            0%         N/A       100%        3
 Airstrike                Air            0%         N/A       100%        4
 Cause Fear               Hex            0%         N/A       100%        4
 Ice Form                 Ice/Tmut       0%         N/A       100%        4
 Iskenderun's Mystic Bla  Conj/Tloc      0%         2d3       100%        4
 Starburst                Conj/Fire      0%         6d3       100%        6
 Dragon Form              Tmut           0%         N/A       100%        7
 Summon Ice Beast         Ice/Summ       Unusable   N/A       N/A         4
 Dragon's Call            Summ           Unusable   N/A       N/A         9

Dungeon Overview and Level Annotations

Branches:
Dungeon (5/15)
 Temple: D:4-7

Altars:
Fedhas
Gozag
Okawaru

Shops:
D:2 [

Annotations:
D:4 Dowan, Duvessa
D:5 Prince Ribbit


Innate Abilities, Weirdness & Mutations

You have a pair of small antennae on your head.
You sometimes gain power by taking damage.
A meltable shield of frost defends you. (SH +4)


Message History

You slash the jelly!
Your hands burn!
The jelly is almost dead.
The jelly hits you but does no damage.
You slash the jelly!
You kill the jelly!
Okawaru accepts your kill.
Found a book of the Sky.
An orc comes into view. It is wielding a +0 flail.
The orc shouts!
You hear a loud, deep croak!
You see here a wand of charming (7).
Prince Ribbit comes into view.
Prince Ribbit moves out of view.
You see here a wand of charming (7).
v - a wand of charming (7)
You block Prince Ribbit's attack. x2
Prince Ribbit attacks as you move away! You block Prince Ribbit's attack.
Prince Ribbit hits you but does no damage.
Prince Ribbit attacks as you move away! You block Prince Ribbit's attack.
There is a stone staircase leading up here.
You completely miss Prince Ribbit.
Prince Ribbit hits you but does no damage.
Prince Ribbit barely misses you. You block the orc's attack.
You slash Prince Ribbit!
Prince Ribbit is moderately wounded.
You hit the orc. You block Prince Ribbit's attack.
Prince Ribbit hits you but does no damage.
The orc barely misses you.
You hit Prince Ribbit.
Prince Ribbit is heavily wounded.
You slash the orc!
You kill the orc!
Okawaru accepts your kill. Prince Ribbit hits you!
You block Prince Ribbit's attack.
You miss Prince Ribbit.
Prince Ribbit is heavily wounded.
Prince Ribbit hits you!
* * * LOW HITPOINT WARNING * * *
Prince Ribbit closely misses you. Prince Ribbit hits you!
You die...

# #. .# #
#.#.###.######
#.#.#...........
+#...............
...........####
....###.......# .
+.......+
#..F)(..#
#..@...#...
#...##.# #.
......# .#
###.#### .# #+


You could see Prince Ribbit.

Vanquished Creatures
  The ghost of Foxy the Skirmisher, an amateur PaFi (D:3)
  A scorpion (D:3)
  A water moccasin skeleton (D:4)
  A jelly (D:5)
  2 hounds
  A bullfrog skeleton (D:4)
  An iguana (D:3)
  3 scorpion zombies (D:4)
  A hound zombie (D:4)
  A hound skeleton (D:4)
  7 gnolls
  6 adders
  3 adder zombies (D:4)
  2 adder skeletons (D:4)
  2 worms (D:2)
  2 orcs
  7 ball pythons
  8 bats
  7 endoplasms
  6 giant cockroaches
  7 hobgoblins
  3 jackals (D:1)
  13 kobolds
  4 quokkas
  5 frilled lizards
  8 goblins
  A jackal skeleton (D:4)
  A quokka skeleton (D:4)
  8 rats
113 creatures vanquished.

Vanquished Creatures (others)
  7 plants (D:4)
  6 withered plants (D:4)
13 creatures vanquished.

Grand Total: 126 creatures vanquished

Notes
Turn   | Place    | Note
-------+----------+-------------------------------------------
     0 | D:1      | jlumianski the Demonspawn Fighter began the quest for the
                  | Orb.
     0 | D:1      | Reached XP level 1. HP: 18/18 MP: 1/1
   253 | D:1      | Gained mutation: A meltable shield of frost defends you.
                  | (SH +4) [demonic ancestry]
   253 | D:1      | Reached XP level 2. HP: 24/24 MP: 2/2
   626 | D:1      | Discovered your monstrous ancestry.
   626 | D:1      | Gained mutation: You have a pair of small antennae on your
                  | head. [demonic ancestry]
   626 | D:1      | Reached XP level 3. HP: 29/29 MP: 3/3
  1207 | D:2      | Found a faded altar of an unknown god.
  1485 | D:2      | Found Sobreeg's Armour Emporium.
  1959 | D:2      | Gained mutation: You sometimes gain a little power by
                  | taking damage. [demonic ancestry]
  1959 | D:2      | Reached XP level 4. HP: 7/35 MP: 4/4
  2502 | D:3      | Found a blossoming altar of Fedhas.
  2520 | D:3      | Found a runed translucent gate.
  2522 | D:3      | Found a runed translucent gate.
  2522 | D:3      | Found an opulent altar of Gozag.
  2523 | D:3      | Found a runed translucent gate.
  2527 | D:3      | Noticed Foxy's ghost (amateur PaFi)
  2814 | D:2      | Gained mutation: You sometimes gain power by taking damage.
                  | [demonic ancestry]
  2814 | D:2      | Reached XP level 5. HP: 8/41 MP: 5/5
  3305 | D:3      | Found an iron altar of Okawaru.
  3825 | D:3      | Killed Foxy's ghost
  3826 | D:3      | Reached XP level 6. HP: 41/48 MP: 6/6
  3896 | D:4      | Noticed Duvessa
  3900 | D:4      | Noticed Dowan
  4214 | D:3      | Became a worshipper of Warmaster Okawaru
  4377 | D:4      | Reached skill level 1 in Dodging
  4431 | D:3      | Reached XP level 7. HP: 18/55 MP: 7/7
  4754 | D:5      | Entered Level 5 of the Dungeon
  4764 | D:5      | Noticed Prince Ribbit
  4776 | D:5      | Slain by Prince Ribbit

Illustrated notes

Levels and vault maps discovered:
D:1:      co_arrival_square_in_a_square_in_a_square, layout_basic,
          minmay_tetromino_o2
D:2:      minmay_diamond_boxcup, layout_loops_ring, serial_shops,
          nicolae_diamond_shop, basic_ecumenical_altar, minmay_fountain_box,
          kennysheep_cluttered_room, minmay_goblin_kobold_house
D:3:      layout_basic, old_standard_altar, lemuel_tele_altar,
          ebering_ghost_gozag, grunt_ministairs_6,
          wander_ebering_terrifying_dragon_lair
D:4:      layout_rooms, brannock_xom_greatest_gift,
          yredelemnul_forgotten_temple_becter,
          minmay_temple_entry_gardened_gates, serial_undead, serial_undead_e,
          serial_undead_f, serial_undead_c, serial_undead_a, serial_undead_e,
          serial_undead_d, uniq_duvessa, uniq_pikel
D:5:      layout_basic, marbit_many_paths, uniq_prince_ribbit1, uniq_menkaure

Skill      XL: |  1  2  3  4  5  6  7 |
---------------+----------------------+-----
Armour         | 3 4 |  4.5
Axes           | 2 3 4 |  4.5
Shields        | 3 4 |  4.0
Fighting       | 4 |  4.6
Dodging        | 1 |  1.1
Stealth        | |  0.1

Action                   |  1- 3 |  4- 6 |  7- 9 || total
-------------------------+-------+-------+-------++-------
Melee: War axe           |   141 |   162 |    50 ||   353
  Use: Scroll            |       |     5 |       ||     5
       Potion            |       |     3 |       ||     3
Armor: Scale mail        |    77 |    78 |    24 ||   179
Dodge: Dodged            |    73 |    80 |    27 ||   180
Block: Buckler           |    73 |    39 |       ||   112
       Kite shield       |       |   111 |    61 ||   172

Table legend: (Time is in decaauts)
 A = Elapsed time spent in this place.
 B = Non-inter-level travel time spent in this place.
 C = Inter-level travel time spent in this place.
 D = Time resting spent in this place.
 E = Time spent auto-exploring this place.
 F = Levels seen in this place.
 G = Mean time per level.
                   A        B        C        D        E       F      G
               +--------+--------+--------+--------+--------+-----+--------+
         Total |   4940 |   4917 |     23 |   1041 |   1871 |   5 |  988.0 |
       Dungeon |   4940 |   4917 |     23 |   1041 |   1871 |   5 |  988.0 |
               +--------+--------+--------+--------+--------+-----+--------+

Top non-repeatable levels by time:
     D:2: 1854 daAuts
     D:3: 1709 daAuts
     D:1: 1110 daAuts
     D:4: 242 daAuts
     D:5: 24 daAuts
